Map: Orbital Shipyard

Players

LindyHop

  • Race: Zerg Zerg
  • League: Platinum

Atuor - Winner!

  • Race: Protoss Protoss
  • League: Diamond

VOD

Have the link to the VOD?

Description

Time

  • Played on: Jan. 13, 2016, 7:58 p.m.
  • Length: 9:29
Show
View Real Time Build Order
Export as new Build Order

LindyHop Zerg 

Build Orders: Hatch First 

Get SALT Encoding   

  12  0:01  Drone  
  13  0:12  Overlord  
  13  0:17  Drone  
  14  0:30  Drone x2  
  14  0:34  Drone  
  17  0:54  Hatchery  
  17  0:57  Drone  
  17  1:11  Spawning Pool  
  17  1:13  Drone  
  17  1:17  Extractor  
  16  1:18  Drone  
  16  1:23  Drone  
  18  1:28  Drone  
  19  1:40  Overlord  
  19  1:58  Queen  
  21  2:05  Queen  
  21  2:07  Drone x3  
  26  2:14  Drone  
  27  2:19  Metabolic Boost  
  27  2:24  Zergling x2  
  27  2:25  Zergling x2  
  29  2:32  Overlord  
  29  2:39  Queen  
  29  2:41  Zergling x2  
  32  2:55  Overlord  
  32  3:06  Hatchery  
  31  3:14  Roach Warren  
  30  3:24  Drone x3  
  33  3:32  Lair  
  33  3:44  Spine Crawler  
  33  3:46  Spine Crawler  
  30  3:56  Drone  
  30  3:57  Drone x4  
  35  4:05  Drone x3  
  38  4:16  Drone x4  
  42  4:20  Extractor  
  41  4:25  Drone x3  
  44  4:35  Overseer  
  44  4:37  Spire  
  43  4:39  Drone x2  
  45  4:50  Drone x5  
  45  4:51  Drone  
  50  4:56  Drone x3  
  53  5:03  Drone  
  53  5:04  Drone x3  
  57  5:07  Extractor  
  57  5:09  Extractor  
  57  5:13  Queen  
  57  5:14  Drone  
  57  5:15  Overseer  
  58  5:24  Evolution Chamber  
  57  5:29  Drone  
  57  5:30  Overlord x3  
  58  5:45  Overlord x2  
  58  5:49  Drone x2  
  61  5:50  Drone x4  
  64  5:58  Zerg Flyer Weapons Level 1  
  64  6:00  Mutalisk x3  
  64  6:01  Mutalisk  
  72  6:09  Zergling x2  
  72  6:10  Zergling x12  
  79  6:12  Mutalisk  
  79  6:14  Extractor  
  79  6:15  Drone  
  79  6:16  Extractor  
  80  6:38  Drone x3  
  80  6:39  Drone x3  
  87  6:40  Drone x5  
  91  6:49  Zerg Missile Weapons Level 1, Infestation Pit  
  91  6:51  Hydralisk Den  
  89  6:57  Evolution Chamber  
  88  7:01  Spore Crawler  
  87  7:20  Hatchery  
  86  7:25  Drone x3  
  86  7:26  Drone x3  
  92  7:34  Hatchery  
  91  7:37  Hydralisk  
  91  7:38  Hydralisk x2  
  91  7:39  Overlord x2  
  91  7:40  Overlord x4  
  91  7:42  Muscular Augments  
  93  7:52  Hydralisk  
  76  8:01  Drone x7  
  74  8:08  Hydralisk x2  
  74  8:09  Hydralisk x2  
  75  8:15  Hydralisk x2  
  72  8:22  Drone x2  
  72  8:25  Drone x2  
  72  8:26  Drone  
  77  8:34  Zergling x4  
  77  8:35  Hydralisk, Zergling x2  
  82  8:42  Hydralisk x2  
  85  8:54  Hydralisk  
  86  8:56  Hydralisk  
  86  8:57  Hydralisk x3  
Show
View Real Time Build Order
Export as new Build Order

Atuor Protoss - Winner!

Build Orders: Nexus First 

Get SALT Encoding   

  12  0:01  Probe (Chrono Boost)  
  13  0:11  Probe (Chrono Boost)  
  14  0:17  Pylon  
  14  0:22  Probe (Chrono Boost)  
  16  0:35  Probe (Chrono Boost)  
  16  0:46  Probe (Chrono Boost)  
  17  0:57  Probe (Chrono Boost)  
  18  1:01  Nexus  
  18  1:15  Probe (Chrono Boost)  
  18  1:16  Gateway  
  19  1:20  Assimilator  
  19  1:24  Assimilator  
  19  1:33  Probe (Chrono Boost)  
  19  1:37  Gateway  
  20  1:43  Probe (Chrono Boost)  
  22  1:54  Probe (Chrono Boost)  
  22  2:04  Probe (Chrono Boost)  
  23  2:14  Cybernetics Core  
  23  2:15  Probe (Chrono Boost)  
  24  2:18  Pylon  
  24  2:20  Probe (Chrono Boost)  
  25  2:25  Probe (Chrono Boost)  
  26  2:30  Probe (Chrono Boost)  
  26  2:33  Pylon  
  26  2:36  Probe (Chrono Boost)  
  28  2:37  Forge  
  28  2:41  Probe (Chrono Boost)  
  29  2:48  Probe (Chrono Boost)  
  30  2:53  Probe (Chrono Boost)  
  30  2:55  Pylon  
  31  2:59  Probe (Chrono Boost)  
  31  3:03  Probe (Chrono Boost)  
  33  3:09  Probe (Chrono Boost), Adept (Chrono Boost)  
  33  3:10  Adept (Chrono Boost)  
  38  3:16  Photon Cannon  
  38  3:17  Probe, Protoss Ground Weapons Level 1 (Chrono Boost)  
  39  3:25  Probe  
  40  3:27  Photon Cannon  
  40  3:31  Warp Gate (Chrono Boost)  
  40  3:32  Probe  
  41  3:45  Probe x2  
  43  3:57  Probe  
  43  3:58  Probe  
  43  3:59  Stargate  
  45  4:06  Nexus  
  45  4:07  Pylon  
  46  4:10  Probe x2  
  46  4:13  Sentry x2  
  46  4:16  Assimilator  
  51  4:22  Probe  
  51  4:23  Probe, Assimilator  
  53  4:25  Pylon  
  53  4:30  Pylon  
  53  4:34  Probe  
  53  4:35  Probe  
  55  4:43  Oracle  
  58  4:46  Probe  
  58  4:56  Probe  
  58  4:58  Probe  
  60  5:08  Probe  
  60  5:11  Gateway  
  60  5:12  Gateway, Probe  
  62  5:14  Gateway x2  
  62  5:19  Pylon, Oracle (Chrono Boost)  
  62  5:21  Probe  
  66  5:22  Probe  
  66  5:24  Adept x2  
  71  5:29  Mothership Core  
  71  5:33  Probe  
  71  5:34  Protoss Ground Armor Level 1  
  74  5:43  Pylon  
  74  5:44  Pylon  
  74  5:46  Adept x2, Pylon  
  74  5:48  Probe  
  79  5:51  Probe, Oracle (Chrono Boost)  
  79  5:52  Probe  
  79  5:54  Assimilator  
  84  5:59  Assimilator  
  84  6:00  Probe  
  84  6:03  Probe x2  
  86  6:06  Twilight Council  
  86  6:09  Pylon  
  86  6:11  Adept, Pylon  
  87  6:12  Pylon  
  87  6:14  Adept  
  87  6:17  Probe x2  
  93  6:21  Probe  
  93  6:24  Oracle (Chrono Boost)  
  94  6:29  Probe  
  94  6:32  Stargate  
  98  6:35  Fleet Beacon  
  98  6:42  Blink (Chrono Boost)  
  98  6:47  Photon Cannon  
  98  6:50  Photon Cannon  
  98  6:53  Photon Cannon  
  98  6:56  Photon Cannon  
  98  6:59  Photon Cannon  
  98  7:05  Phoenix  
  100  7:09  Protoss Air Weapons Level 1 (Chrono Boost)  
  100  7:19  Stalker  
  100  7:20  Stalker x4  
  110  7:27  Phoenix  
  110  7:28  Stalker  
  112  7:31  Phoenix  
  112  7:32  Anion Pulse-Crystals  
  116  7:37  Pylon  
  116  7:39  Pylon  
  116  7:49  Phoenix  
  118  8:11  Phoenix  
  118  8:13  Phoenix  
  118  8:19  Zealot x5  
  126  8:20  Zealot  
  122  8:32  Phoenix  
  122  8:38  Phoenix  
  126  8:48  Templar Archives  
  126  8:54  Phoenix  
  128  9:03  Phoenix  
  122  9:12  Stalker x6  
Tags
 
Add a new tag
Caveats
  • Supply blocks, unpowered buildings, or Contaminate may cause inaccurate times.
  • Supply counts are checked every 10 seconds.